Map: Arctic Dream LE

Players

uuuuaaaahhhh

  • Race: Terran Terran
  • Spawn Location: 6:00

Claws

  • Race: Protoss Protoss
  • Spawn Location: 5:00

qqq - Winner!

  • Race: Protoss Protoss
  • Spawn Location: 11:00

Massa - Winner!

  • Race: Terran Terran
  • Spawn Location: 12:00

VOD

Have the link to the VOD?

Description

Time

  • Played on: June 10, 2020, 6:41 a.m.
  • Length: 4:59
Show
View Real Time Build Order
Export as new Build Order

uuuuaaaahhhh Terran 

Build Orders:  

Get SALT Encoding   

  12  0:02  SCV  
  13  0:14  Supply Depot  
  13  0:25  SCV  
  13  0:28  Refinery  
  14  0:33  Refinery  
  14  0:37  SCV  
  15  0:49  SCV  
  16  0:58  Barracks  
  15  1:11  SCV  
  1  3:44  SCV  
Show
View Real Time Build Order
Export as new Build Order

Claws Protoss 

Build Orders:  

Get SALT Encoding   

  12  0:01  Probe  
  13  0:13  Probe  
  14  0:20  Pylon  
  14  0:25  Probe  
  15  0:35  Probe  
  15  0:40  Gateway  
  16  0:43  Probe  
  17  0:52  Probe  
  17  0:53  Assimilator  
  18  1:04  Probe  
  19  1:16  Probe  
  20  1:28  Probe, Cybernetics Core  
  21  1:43  Probe  
  22  1:47  Nexus  
  22  1:56  Probe  
  23  2:03  Pylon  
  23  2:06  Warp Gate  
  23  2:12  Assimilator  
  23  2:19  Zealot  
  23  2:21  Probe  
  26  2:33  Probe, Pylon  
  26  2:36  Twilight Council  
  27  2:38  Stalker  
  27  2:47  Probe  
  30  3:00  Probe  
  30  3:03  Probe  
  32  3:12  Probe, Assimilator  
  32  3:15  Probe  
  33  3:22  Stalker  
  33  3:24  Probe  
  36  3:27  Probe  
  37  3:36  Probe  
  37  3:40  Robotics Facility  
  38  3:45  Pylon  
  38  3:47  Probe  
  39  3:50  Gateway  
  39  3:52  Probe  
  38  4:03  Stalker  
  20  4:31  Stalker  
Show
View Real Time Build Order
Export as new Build Order

qqq Protoss - Winner!

Build Orders:  

Get SALT Encoding   

  12  0:01  Probe  
  13  0:14  Pylon  
  13  0:23  Probe  
  13  1:24  Probe  
  13  1:36  Probe  
  14  1:50  Probe  
  13  2:08  Probe  
  12  2:23  Probe  
  13  2:35  Probe  
  14  2:55  Probe  
  15  3:00  Gateway  
  15  3:33  Probe  
  13  3:38  Zealot  
  10  3:45  Probe  
  13  3:58  Probe, Zealot  
  16  4:10  Probe  
  17  4:21  Zealot  
  17  4:22  Probe  
  20  4:34  Probe  
Show
View Real Time Build Order
Export as new Build Order

Massa Terran - Winner!

Build Orders:  

Get SALT Encoding   

  12  0:11  Supply Depot  
  12  0:13  SCV  
  13  0:25  SCV  
  14  0:34  Barracks  
  14  0:37  SCV  
  15  0:49  SCV  
  16  0:52  Supply Depot  
  16  1:01  SCV  
  17  1:12  Barracks  
  17  1:13  SCV  
  18  1:20  Barracks  
  18  1:22  Marine  
  19  1:41  Barracks  
  19  1:43  Marine  
  20  2:01  Marine  
  20  2:03  Marine  
  20  2:08  Supply Depot  
  22  2:10  Supply Depot  
  22  2:11  Marine  
  23  2:19  Marine  
  23  2:21  Marine  
  25  2:24  SCV  
  25  2:29  Refinery, Marine  
  27  2:30  Marine  
  27  2:37  Marine  
  28  2:39  Marine  
  30  2:47  Marine  
  30  2:48  Marine  
  32  2:54  Marine  
  32  2:56  Marine  
  34  3:04  Marine  
  35  3:06  Marine  
  35  3:12  Marine  
  36  3:14  Marine  
  38  3:22  Marine  
  38  3:23  Supply Depot  
  38  3:24  Orbital Command, Marine  
  40  3:30  Marine  
  40  3:32  Marine  
  42  3:40  Marine  
  43  3:41  Marine  
  43  3:48  Marine  
  45  3:50  Marine  
Tags
 
Add a new tag
Caveats
  • Supply blocks, unpowered buildings, or Contaminate may cause inaccurate times.
  • Supply counts are checked every 10 seconds.